 Dungeon Crawl Stone Soup version 0.22-a0-305-gd21a89c (webtiles) character file.

95 Amnesiac the Ducker (level 4, -2/24 HPs)
             Began as a Spriggan Gladiator on Mar 28, 2018.
             Slain by a bullfrog (3 damage)
             ... on level 6 of the Dungeon.
             The game lasted 00:03:06 (1833 turns).

Amnesiac the Ducker (Spriggan Gladiator)            Turns: 1833, Time: 00:03:07

Health: -2/24      AC:  4    Str: 16    XL:     4   Next: 39%
Magic:  5/5        EV: 21    Int:  9    God:
Gold:   82         SH:  0    Dex: 17    Spells: 3/3 levels left

rFire    + . .     SeeInvis +   a - +0 rapier
rCold    . . .     Gourm    .   (shield restricted)
rNeg     . . .     Faith    .   b - +0 robe
rPois    .         Spirit   .   c - +0 hat
rElec    .         Reflect  .   (no cloak)
rCorr    .         Harm     .   (gloves unavailable)
MR       .....                  (boots unavailable)
Stlth    ++........             (no amulet)
HPRegen  0.08/turn              g - +2 ring of protection
MPRegen  0.09/turn              t - ring of protection from fire

@: mighty, very quick
A: very small, unfitting armour, see invisible, herbivore, speed 3, slow
metabolism 2
a: no special abilities


You were on level 6 of the Dungeon.
You were not hungry.

You visited 1 branch of the dungeon, and saw 4 of its levels.

You collected 82 gold pieces.

Inventory:

Hand Weapons
 a - a +0 rapier (weapon)
 o - a +1 long sword of holy wrath
Missiles
 d - 2 throwing nets (quivered)
 e - 108 stones
 m - 17 bolts
 s - 17 sling bullets
Armour
 b - a +0 robe (worn)
 c - a +0 hat (worn)
Jewellery
 g - a +2 ring of protection (left hand)
 t - a ring of protection from fire (right hand)
Scrolls
 j - a scroll of immolation {!r, unknown}
 k - a scroll of enchant armour {!r, unknown}
 p - a scroll of noise {!r, unknown}
 q - 2 scrolls of remove curse {!r}
Potions
 i - a potion of berserk rage {!q, unknown}
 l - a potion of mutation {!q, unknown}
 n - a potion of haste {!q}
Comestibles
 f - 7 rations


   Skills:
 * Level 3.0 Fighting
 - Level 4.0 Short Blades
 - Level 2.0 Throwing
 + Level 5.4 Dodging


You had 3 spell levels left.
You didn't know any spells.

Dungeon Overview and Level Annotations

Branches:
Dungeon (3/15)

Altars:

Annotations:
D:3 Nib's ghost, amateur DsGl


Innate Abilities, Weirdness & Mutations

You are very small and have problems with some larger weapons.
You are too small for most types of armour.
You have supernaturally acute eyesight. (SInv)
You are a herbivore.
You cover ground extremely quickly.
You need to consume almost no food.


Message History

Found a ration.
Found 16 stones.
You see here a scroll of remove curse {!r}.
q - 2 scrolls of remove curse {!r} (gained 1)
You feel sick.
A frilled lizard comes into view.
Found 20 stones.
Found 15 gold pieces.
You feel sick.
You see here 16 stones.
e - 88 stones (gained 16)
You see here 20 stones.
e - 108 stones (gained 20)
You feel sick.
The frilled lizard unfolds its giant frill.
You feel sick.
You are no longer poisoned.
You fall through a shaft for 3 floors!
The shaft crumbles and collapses.
A phantom comes into view.
A bullfrog comes into view.
Found a runed long sword.
The bullfrog croaks.
You see here a runed long sword.
o - a runed long sword
Found a scale mail.
You see here a scale mail.
A centaur comes into view.
The centaur shouts!
The centaur wields a shortbow.
The centaur shoots an arrow.
The arrow misses you.
The centaur unwields an uncursed shortbow.
The centaur hits you.
* * * LOW HITPOINT WARNING * * *
Really quaff
r - a potion of heal wounds {!q}?
You feel much better. The centaur barely misses you.
Really quaff
h - a smoky puce potion {!q}?
It was a potion of might {!q}.
You feel very mighty all of a sudden. The centaur misses you.
The centaur completely misses you.
You closely miss the centaur. The bullfrog misses you.
The centaur completely misses you.
You barely miss the centaur. The bullfrog completely misses you.
The centaur closely misses you. The bullfrog barely misses you.
The centaur misses you.
You completely miss the centaur.
The bullfrog hits you but does no damage.
The centaur barely misses you.
You puncture the centaur!
The centaur is severely wounded.
The bullfrog closely misses you. The centaur barely misses you.
The bullfrog closely misses you. The centaur hits you.
* * * LOW HITPOINT WARNING * * *
You completely miss the centaur.
The centaur is severely wounded.
The bullfrog hits you.
* * * LOW HITPOINT WARNING * * *
The centaur closely misses you.
You hit the centaur.
The centaur is almost dead.
The bullfrog completely misses you. The centaur hits you!
* * * LOW HITPOINT WARNING * * *
The bullfrog hits you.
You die...

###############
#........F[..(#
#.##...######F#
#8...8# #@# ##.F.##
#c.# #...# ##.#
##...## .. #8...8#
#.# ####...#### .#
###8##...##8###8#.#
..................#
.......8.........


You could see a bullfrog and a centaur.

Vanquished Creatures
  A worker ant (D:2)
  3 adders
  An ooze (D:1)
  A dart slug (D:2)
  3 leopard geckos
  3 bats
  6 goblins
  6 hobgoblins
  A ball python (D:2)
  5 frilled lizards
  4 kobolds
  2 rats
36 creatures vanquished.

Notes
Turn   | Place    | Note
-------+----------+-------------------------------------------
     0 | D:1      | Amnesiac the Spriggan Gladiator began the quest for the Orb.
     0 | D:1      | Reached XP level 1. HP: 10/10 MP: 2/2
   447 | D:1      | Reached XP level 2. HP: 15/15 MP: 3/3
   802 | D:2      | Reached skill level 5 in Dodging
   802 | D:2      | Reached XP level 3. HP: 17/19 MP: 4/4
  1221 | D:2      | Reached XP level 4. HP: 12/23 MP: 5/5
  1625 | D:3      | Noticed Nib's ghost (amateur DsGl)
  1795 | D:3      | You fall through a shaft for 3 floors!
  1795 | D:6      | Noticed a phantom
  1796 | D:6      | Noticed a bullfrog
  1823 | D:6      | Noticed a centaur
  1833 | D:6      | HP: 1/24 [centaur (7)]
  1833 | D:6      | Slain by a bullfrog

Vault maps used:
D:1:      nicolae_arrival_washed_ashore, minmay_misc_feat_nine_boxes,
          minmay_quantized
D:3:      portal_sewer_entry_a, first_ration, serial_park_tiny_1,
          minmay_surrounded
D:6:      minmay_temple_entry_large_hall, serial_corexii_hall,
          corexii_hall_statues_t, corexii_hall_statues_t,
          corexii_hall_statues_x, corexii_hall_statues_i,
          okawaru_metal_pillars_1_2

Skill      XL: |  1  2  3  4 |
---------------+-------------+-----
Fighting       | 2 3 |  3.0
Dodging        | 5 |  5.4
Short Blades   | 4 |  4.0
Throwing       | |  2.0

Action                   |  1- 3 |  4- 6 || total
-------------------------+-------+-------++-------
Melee: Rapier            |   103 |    38 ||   141
Throw: Throwing net      |     1 |       ||     1
  Use: Scroll            |       |     4 ||     4
       Potion            |       |     2 ||     2
 Stab: Sleeping          |     3 |     1 ||     4
       Held in net/web   |     1 |       ||     1
Armor: Robe              |    14 |    10 ||    24
Dodge: Dodged            |    81 |    52 ||   133

Table legend:
 A = Spawn XP
 B = Non-spawn XP
 C = Spawn XP percentage of total XP
 D = Spawn monster count
 E = Non-spawn monster count
 F = Spawn count percentage of total count
 G = Total turns spent on level
                    A         B        C        D         E        F      G
               +---------+---------+-------+---------+---------+-------+---------
         Total |       0 |     136 |   0.0 |       0 |      36 |   0.0 |  1833
               +---------+---------+-------+---------+---------+-------+---------
           D:1 |       0 |      20 |   0.0 |       0 |       9 |   0.0 |   677
           D:2 |       0 |      81 |   0.0 |       0 |      20 |   0.0 |   947
           D:3 |       0 |      35 |   0.0 |       0 |       7 |   0.0 |   171
               +---------+---------+-------+---------+---------+-------+---------
